| TOP OF THE 1ST |
|
Arkansas Travelers batting - Pitching for Erie SeaWolves : RHP Mike Santana
|
|
Pitching: RHP Mike Santana
|
|
|
Batting: RHB Nick Lombardo
|
0-0: Swinging Strike 0-1: Ball 1-1: Swinging Strike 1-2: Foul Ball, location: 2F 1-2: Ball 2-2: Strikes out swinging
|
|
Batting: RHB Danny Bjarnson
|
0-0: Called Strike 0-1: Foul Ball, location: 2F 0-2: Strikes out swinging
|
|
Batting: LHB Dave Hicks
|
0-0: DOUBLE (Flyball, 8LXD, EV 103.1 MPH)
|
|
Batting: RHB Kyler Seitz
|
0-0: Called Strike 0-1: Ball 1-1: Fly out, F7 (Line Drive, 78D, EV 96.2 MPH)
|
| Top of the 1st over - 0 runs, 1 hit, 0 errors, 1 left on base; Arkansas 0 - Erie 0 |
| BOTTOM OF THE 1ST |
|
Erie SeaWolves batting - Pitching for Arkansas Travelers : RHP Bartholomeu Voivodic
|
|
Pitching: RHP Bartholomeu Voivodic
|
|
|
Batting: SHB Ian Arlotta
|
0-0: Ball 1-0: Called Strike 1-1: Ball 2-1: Foul Ball, location: 2F 2-2: Foul Ball, location: 2F 2-2: Foul Ball, location: 2F 2-2: SINGLE (Line Drive, 34D, EV 101.9 MPH)
|
|
Batting: RHB Yankel Pensak
|
0-0: Called Strike Ian Arlotta steals 2nd, throwing error, E2 Ian Arlotta to third 0-1: Ball 1-1: SINGLE (Line Drive, 4MD, EV 103.1 MPH) Ian Arlotta scores
|
|
Batting: RHB Eric Angelle
|
0-0: Fielders Choice at 2nd, 5-4 (Groundball, 5, EV 84.4 MPH)
|
|
Batting: SHB Willie Medina
|
0-0: Ball 1-0: Ball 2-0: Ball 3-0: Called Strike 3-1: Base on Balls Eric Angelle to second
|
|
Batting: RHB German Quiroga
|
0-0: SINGLE (Groundball, 34D, EV 95.0 MPH) Eric Angelle to third Willie Medina to second Runner from 3rd tries for Home, throw by RF and OUT! 9-2
|
|
Batting: RHB Jaden Warrior
|
0-0: Ball 1-0: Fly out, F9 (Flyball, 9LM, EV 87.5 MPH)
|
| Bottom of the 1st over - 1 run, 3 hits, 1 error, 2 left on base; Arkansas 0 - Erie 1 |
| TOP OF THE 2ND |
|
Arkansas Travelers batting - Pitching for Erie SeaWolves : RHP Mike Santana
|
|
Batting: SHB Danny Gelinas
|
0-0: Swinging Strike 0-1: Foul Ball, location: 2F 0-2: Foul Ball, location: 2F 0-2: Ball 1-2: Foul Ball, location: 2F 1-2: Ball 2-2: Strikes out swinging
|
|
Batting: LHB Mutsuo IIda
|
0-0: Ball 1-0: Called Strike 1-1: Swinging Strike 1-2: Strikes out looking
|
|
Batting: RHB T.J. Gray
|
0-0: Called Strike 0-1: TRIPLE (Groundball, 3L, EV 102.5 MPH)
|
|
Batting: RHB Ryan Pelletier
|
0-0: Called Strike 0-1: Ball 1-1: Foul Ball, location: 2F 1-2: Ball 2-2: Foul Ball, location: 2F 2-2: Strikes out swinging
|
| Top of the 2nd over - 0 runs, 1 hit, 0 errors, 1 left on base; Arkansas 0 - Erie 1 |
| BOTTOM OF THE 2ND |
|
Erie SeaWolves batting - Pitching for Arkansas Travelers : RHP Bartholomeu Voivodic
|
|
Batting: LHB George Moran
|
0-0: Foul Ball, location: 2F 0-1: Ball 1-1: Ball 2-1: Ball 3-1: Called Strike 3-2: Foul Ball, location: 2F 3-2: Strikes out swinging
|
|
Batting: RHB Carlos Armenteros
|
0-0: Called Strike 0-1: Foul Ball, location: 2F 0-2: Foul Ball, location: 2F 0-2: Fly out, F8 (Flyball, 89M, EV 90.6 MPH)
|
|
Batting: RHB Joe Zimmerman
|
0-0: Ball 1-0: Ball 2-0: Called Strike 2-1: Swinging Strike 2-2: Ball 3-2: Strikes out swinging
|
| Bottom of the 2nd over - 0 runs, 0 hits, 0 errors, 0 left on base; Arkansas 0 - Erie 1 |
| TOP OF THE 3RD |
|
Arkansas Travelers batting - Pitching for Erie SeaWolves : RHP Mike Santana
|
|
Batting: RHB Phil Knox
|
0-0: Ball 1-0: Swinging Strike 1-1: Ground out 4-3 (Groundball, 4M, EV 85.6 MPH)
|
|
Batting: RHB Nick Lombardo
|
0-0: Foul Ball, location: 2F 0-1: Ball 1-1: Swinging Strike 1-2: Ground out 6-3 (Groundball, 6, EV 91.9 MPH)
|
|
Batting: RHB Danny Bjarnson
|
0-0: Called Strike 0-1: Foul Ball, location: 2F 0-2: Ball 1-2: Ground out 6-3 (Groundball, 6MD, EV 88.1 MPH)
|
| Top of the 3rd over - 0 runs, 0 hits, 0 errors, 0 left on base; Arkansas 0 - Erie 1 |
| BOTTOM OF THE 3RD |
|
Erie SeaWolves batting - Pitching for Arkansas Travelers : RHP Bartholomeu Voivodic
|
|
Batting: SHB Ian Arlotta
|
0-0: Called Strike 0-1: Ball 1-1: Swinging Strike 1-2: TRIPLE (Flyball, 78XD, EV 95.0 MPH)
|
|
Batting: RHB Yankel Pensak
|
0-0: Ball 1-0: Foul Ball, location: 2F 1-1: Ball 2-1: Ball 3-1: Base on Balls
|
|
Batting: RHB Eric Angelle
|
0-0: Foul Ball, location: 2F 0-1: Ball 1-1: DOUBLE (Line Drive, 89M, EV 106.9 MPH) Ian Arlotta scores Yankel Pensak to third Runner from 3rd tries for Home, SAFE, no throw by RF
|
|
Batting: SHB Willie Medina
|
0-0: Foul Ball, location: 2F 0-1: Foul Ball, location: 2F 0-2: Ball 1-2: Ball 2-2: Foul Ball, location: 2F 2-2: Foul Ball, location: 2F 2-2: Reached on error, E1 (Groundball, P, EV 74.4 MPH) Eric Angelle scores
|
|
Batting: RHB German Quiroga
|
0-0: Ball 1-0: Swinging Strike 1-1: Ball 2-1: Ball 3-1: Foul Ball, location: 2F 3-2: Base on Balls
|
|
Batting: RHB Jaden Warrior
|
0-0: Ball 1-0: TRIPLE (Flyball, 89XD, EV 99.4 MPH) Willie Medina scores German Quiroga scores
|
|
Pitching: LHP Steve McClain
|
|
|
Batting: LHB George Moran
|
0-0: Ground out 4-3 (Groundball, 4, EV 77.5 MPH) Jaden Warrior scores
|
|
Batting: RHB Carlos Armenteros
|
0-0: Foul Ball, location: 2F 0-1: Ball 1-1: Ball 2-1: Ground out 3-1 (Groundball, 34, EV 81.2 MPH)
|
|
Batting: RHB Joe Zimmerman
|
0-0: Foul Ball, location: 2F 0-1: Ball 1-1: Ground out 6-3 (Groundball, 6, EV 90.6 MPH)
|
| Bottom of the 3rd over - 6 runs, 3 hits, 1 error, 0 left on base; Arkansas 0 - Erie 7 |
| TOP OF THE 4TH |
|
Arkansas Travelers batting - Pitching for Erie SeaWolves : RHP Mike Santana
|
|
Batting: LHB Dave Hicks
|
0-0: Ball 1-0: Foul Ball, location: 2F 1-1: Foul Ball, location: 2F 1-2: Ball 2-2: Ball 3-2: Strikes out swinging
|
|
Batting: RHB Kyler Seitz
|
0-0: Ball 1-0: Called Strike 1-1: Ball 2-1: Called Strike 2-2: Ball 3-2: Base on Balls
|
|
Batting: SHB Danny Gelinas
|
0-0: Ball 1-0: Called Strike 1-1: Ball 2-1: Ball 3-1: Base on Balls Kyler Seitz to second
|
|
Batting: LHB Mutsuo IIda
|
0-0: Ball 1-0: Ball 2-0: Called Strike 2-1: Foul Ball, location: 2F 2-2: DOUBLE (Flyball, 8RXD, EV 110.6 MPH) Kyler Seitz scores Danny Gelinas to third Runner from 3rd tries for Home, SAFE, throw by CF to home
|
|
Batting: RHB T.J. Gray
|
0-0: Ball 1-0: Ball 2-0: Called Strike 2-1: Ground out 4-3 (Groundball, 4, EV 87.5 MPH) Mutsuo IIda to third
|
|
Batting: RHB Ryan Pelletier
|
0-0: Ball 1-0: Ball 2-0: SINGLE (Groundball, 4, EV 103.1 MPH) Mutsuo IIda scores
|
|
Batting: RHB Phil Knox
|
0-0: Ball 1-0: Ball 2-0: SINGLE (Groundball, 6MD, EV 95.6 MPH) Ryan Pelletier to second Runner from 2nd tries for 3rd, SAFE, throw by CF made to third
|
|
Batting: RHB Nick Lombardo
|
0-0: 3-RUN HOME RUN (Flyball, 7D, EV 96.9 MPH), Distance : 392 ft
|
|
Pitching: LHP Jim Daum
|
|
|
Batting: RHB Danny Bjarnson
|
0-0: Foul Ball, location: 2F 0-1: Fly out, F8 (Flyball, 89M, EV 76.2 MPH)
|
| Top of the 4th over - 6 runs, 4 hits, 0 errors, 0 left on base; Arkansas 6 - Erie 7 |
| BOTTOM OF THE 4TH |
|
Erie SeaWolves batting - Pitching for Arkansas Travelers : LHP Steve McClain
|
|
Batting: SHB Ian Arlotta
|
0-0: Swinging Strike 0-1: Foul Ball, location: 2F 0-2: Ball 1-2: Strikes out swinging
|
|
Batting: RHB Yankel Pensak
|
0-0: Ball 1-0: Ball 2-0: Ball 3-0: Base on Balls
|
|
Batting: RHB Eric Angelle
|
0-0: Ball 1-0: Ball 2-0: Ball 3-0: Base on Balls Yankel Pensak to second
|
|
Batting: SHB Willie Medina
|
0-0: Grounds into double play, 5-4-3 (Groundball, 56, EV 88.8 MPH)
|
| Bottom of the 4th over - 0 runs, 0 hits, 0 errors, 1 left on base; Arkansas 6 - Erie 7 |
| TOP OF THE 5TH |
|
Arkansas Travelers batting - Pitching for Erie SeaWolves : LHP Jim Daum
|
|
Batting: LHB Dave Hicks
|
0-0: Ball 1-0: Called Strike 1-1: Called Strike 1-2: Strikes out swinging
|
|
Batting: RHB Kyler Seitz
|
0-0: Called Strike 0-1: Ball 1-1: Ball 2-1: DOUBLE (Line Drive, 7LS, EV 90.0 MPH)
|
|
Batting: SHB Danny Gelinas
|
0-0: Called Strike 0-1: Swinging Strike 0-2: Hit by Pitch
|
|
Pinch Runner at 1st Juan Montez:
|
|
|
Batting: LHB Mutsuo IIda
|
0-0: Ball 1-0: Called Strike 1-1: Swinging Strike 1-2: Ball 2-2: Foul Ball, location: 2F 2-2: Strikes out looking
|
|
Batting: RHB T.J. Gray
|
0-0: Ball 1-0: Ball 2-0: Called Strike 2-1: Foul Ball, location: 2F 2-2: Fielders Choice at 2nd, 6-4 (Groundball, 6, EV 85.0 MPH)
|
| Top of the 5th over - 0 runs, 1 hit, 0 errors, 2 left on base; Arkansas 6 - Erie 7 |
| BOTTOM OF THE 5TH |
|
Erie SeaWolves batting - Pitching for Arkansas Travelers : LHP Steve McClain
|
|
Now at 3B: Juan Montez
|
|
|
Batting: RHB German Quiroga
|
0-0: Called Strike 0-1: Ball 1-1: Ball 2-1: Called Strike 2-2: Ball 3-2: Base on Balls
|
|
Batting: RHB Jaden Warrior
|
0-0: SINGLE (Line Drive, 3D, EV 94.4 MPH) German Quiroga to second Runner from 2nd tries for 3rd, SAFE, no throw by RF
|
|
Batting: LHB George Moran
|
0-0: Ball 1-0: Swinging Strike 1-1: DOUBLE (Line Drive, 7LM, EV 101.9 MPH) German Quiroga scores Jaden Warrior to third
|
|
Batting: RHB Carlos Armenteros
|
0-0: Ground out 4-3 (Groundball, 4, EV 106.2 MPH) Jaden Warrior scores George Moran to third
|
|
Batting: RHB Joe Zimmerman
|
0-0: Called Strike 0-1: Ball 1-1: Swinging Strike 1-2: Ball 2-2: Ball 3-2: Base on Balls
|
|
Batting: SHB Ian Arlotta
|
0-0: Ball 1-0: Ball 2-0: Foul Ball, location: 2F 2-1: Foul Ball, location: 2F 2-2: Ball 3-2: Foul Ball, location: 2F 3-2: Fly out, F7 (Flyball, 7S, EV 85.6 MPH)
|
|
Batting: RHB Yankel Pensak
|
0-0: Called Strike 0-1: Foul Ball, location: 2F 0-2: Ball 1-2: Ball 2-2: Foul Ball, location: 2F 2-2: Ground out 2-3 (Groundball, 2R, EV 54.4 MPH)
|
| Bottom of the 5th over - 2 runs, 2 hits, 0 errors, 2 left on base; Arkansas 6 - Erie 9 |
| TOP OF THE 6TH |
|
Arkansas Travelers batting - Pitching for Erie SeaWolves : LHP Jim Daum
|
|
Batting: RHB Ryan Pelletier
|
0-0: Ball 1-0: Called Strike 1-1: Ball 2-1: Foul Ball, location: 2F 2-2: Ball 3-2: Strikes out swinging
|
|
Batting: RHB Phil Knox
|
0-0: Ball 1-0: Called Strike 1-1: Called Strike 1-2: Strikes out swinging
|
|
Batting: RHB Nick Lombardo
|
0-0: Ball 1-0: Fly out, F9 (Flyball, 9, EV 81.9 MPH)
|
| Top of the 6th over - 0 runs, 0 hits, 0 errors, 0 left on base; Arkansas 6 - Erie 9 |
| BOTTOM OF THE 6TH |
|
Erie SeaWolves batting - Pitching for Arkansas Travelers : LHP Steve McClain
|
|
Pitching: RHP Jose Alvarado
|
|
|
Batting: RHB Eric Angelle
|
0-0: Ball 1-0: Ball 2-0: Called Strike 2-1: Swinging Strike 2-2: Ground out 5-3 (Groundball, 5L, EV 110.0 MPH)
|
|
Batting: SHB Willie Medina
|
0-0: Called Strike 0-1: Ball 1-1: Ball 2-1: Called Strike 2-2: Foul Ball, location: 2F 2-2: Foul Ball, location: 2F 2-2: Foul Ball, location: 2F 2-2: Ball 3-2: SINGLE (Groundball, 3D, EV 104.4 MPH)
|
|
Batting: RHB German Quiroga
|
0-0: Swinging Strike 0-1: Hit by Pitch Willie Medina to second
|
|
Batting: RHB Jaden Warrior
|
0-0: Foul Ball, location: 2F 0-1: Called Strike 0-2: Ball 1-2: Foul Ball, location: 2F 1-2: SINGLE (Groundball, 6MD, EV 97.5 MPH) Willie Medina to third German Quiroga to second Runner from 3rd tries for Home, throw by CF and OUT! 8-2 German Quiroga to third Jaden Warrior to second
|
|
Batting: LHB George Moran
|
0-0: Ball 1-0: Foul Ball, location: 2F 1-1: Called Strike 1-2: Strikes out swinging
|
| Bottom of the 6th over - 0 runs, 2 hits, 0 errors, 2 left on base; Arkansas 6 - Erie 9 |
| TOP OF THE 7TH |
|
Arkansas Travelers batting - Pitching for Erie SeaWolves : LHP Jim Daum
|
|
Batting: RHB Danny Bjarnson
|
0-0: Ball 1-0: Ground out 5-3 (Groundball, 5, EV 85.0 MPH)
|
|
Batting: LHB Dave Hicks
|
0-0: Foul Ball, location: 2F 0-1: Called Strike 0-2: Ball 1-2: Strikes out swinging
|
|
Batting: RHB Kyler Seitz
|
0-0: Ball 1-0: Swinging Strike 1-1: Swinging Strike 1-2: Ball 2-2: Foul Ball, location: 2F 2-2: Foul Ball, location: 2F 2-2: Foul Ball, location: 2F 2-2: Ball 3-2: Foul Ball, location: 2F 3-2: Strikes out looking
|
| Top of the 7th over - 0 runs, 0 hits, 0 errors, 0 left on base; Arkansas 6 - Erie 9 |
| BOTTOM OF THE 7TH |
|
Erie SeaWolves batting - Pitching for Arkansas Travelers : RHP Jose Alvarado
|
|
Pitching: RHP Jason Smallwood
|
|
|
Batting: RHB Carlos Armenteros
|
0-0: Called Strike 0-1: Ground out 6-3 (Groundball, 6, EV 99.4 MPH)
|
|
Batting: RHB Joe Zimmerman
|
0-0: Called Strike 0-1: Ball 1-1: Foul Ball, location: 2F 1-2: SOLO HOME RUN (Flyball, 9D, EV 99.4 MPH), Distance : 390 ft
|
|
Batting: SHB Ian Arlotta
|
0-0: Ball 1-0: Ball 2-0: Called Strike 2-1: Ball 3-1: Swinging Strike 3-2: Base on Balls
|
|
Batting: RHB Yankel Pensak
|
0-0: Ball 1-0: Called Strike 1-1: Swinging Strike 1-2: Strikes out swinging
|
|
Batting: RHB Eric Angelle
|
0-0: Ball Ian Arlotta steals 2nd base 1-0: Foul Ball, location: 2F 1-1: Ball 2-1: Swinging Strike 2-2: Strikes out swinging
|
| Bottom of the 7th over - 1 run, 1 hit, 0 errors, 1 left on base; Arkansas 6 - Erie 10 |
| TOP OF THE 8TH |
|
Arkansas Travelers batting - Pitching for Erie SeaWolves : LHP Jim Daum
|
|
Pitching: RHP Matt Sturge
|
|
|
Batting: RHB Juan Montez
|
0-0: Called Strike 0-1: Ground out 5-3 (Groundball, 56S, EV 65.6 MPH)
|
|
Batting: LHB Mutsuo IIda
|
0-0: Ground out 4-3 (Groundball, 4, EV 89.4 MPH)
|
|
Batting: RHB T.J. Gray
|
0-0: Called Strike 0-1: Fly out, F8 (Flyball, 89S, EV 96.9 MPH)
|
| Top of the 8th over - 0 runs, 0 hits, 0 errors, 0 left on base; Arkansas 6 - Erie 10 |
| BOTTOM OF THE 8TH |
|
Erie SeaWolves batting - Pitching for Arkansas Travelers : RHP Jason Smallwood
|
|
Pitching: RHP Eddie Garabito
|
|
|
Batting: SHB Willie Medina
|
0-0: Ball 1-0: Foul Ball, location: 2F 1-1: Ball 2-1: Foul Ball, location: 2F 2-2: Fly out, F8 (Flyball, 8RXD, EV 110.0 MPH)
|
|
Batting: RHB German Quiroga
|
0-0: Called Strike 0-1: Called Strike 0-2: Foul Ball, location: 2F 0-2: SINGLE (Groundball, 56D, EV 94.4 MPH)
|
|
Batting: RHB Jaden Warrior
|
0-0: Ball 1-0: Called Strike 1-1: Foul Ball, location: 2F 1-2: Strikes out swinging
|
|
Batting: LHB George Moran
|
0-0: Ball 1-0: Called Strike 1-1: Called Strike 1-2: Foul Ball, location: 2F 1-2: Ground out 4-3 (Groundball, 34S, EV 83.1 MPH)
|
| Bottom of the 8th over - 0 runs, 1 hit, 0 errors, 1 left on base; Arkansas 6 - Erie 10 |
| TOP OF THE 9TH |
|
Arkansas Travelers batting - Pitching for Erie SeaWolves : RHP Matt Sturge
|
|
Pitching: RHP Joe Spampinato
|
|
|
Batting: RHB Ryan Pelletier
|
0-0: Ground out 6-3 (Groundball, 6, EV 80.0 MPH)
|
|
Batting: RHB Phil Knox
|
0-0: Ball 1-0: Ball 2-0: Ball 3-0: Ground out 5-3 (Groundball, 56, EV 83.8 MPH)
|
|
Batting: RHB Nick Lombardo
|
0-0: Ball 1-0: Ball 2-0: Called Strike 2-1: Ground out 6-3 (Groundball, 6, EV 83.8 MPH)
|
| Top of the 9th over - 0 runs, 0 hits, 0 errors, 0 left on base; Arkansas 6 - Erie 10 |
|